 Dungeon Crawl Stone Soup version 0.30-a0-585-g93115170b9 (webtiles) character file.

Game seed: 9340492180485810944

259 themarg the Slicer (level 6, -1/47 HPs)
             Began as a Gnoll Wanderer on Jan 1, 2023.
             Was a Priest of Zin.
             Slain by an ogre
             ... wielding a +0 giant club
              (18 damage)
             ... on level 4 of the Dungeon.
             The game lasted 00:07:28 (2421 turns).

themarg the Slicer (Gnoll Wanderer)                 Turns: 2421, Time: 00:07:29

Health: -1/47      AC:  7    Str: 13    XL:     6   Next: 17%
Magic:  8/8        EV:  9    Int:  9    God:    Zin [***...]
Gold:   177        SH:  0    Dex: 14    Spells: 8/8 levels left

rFire   . . .      SeeInvis .    a - +2 short sword
rCold   . . .      Faith    .    (no shield)
rNeg    . . .      Spirit   .    c - +0 scale mail
rPois   .          Reflect  .    (no helmet)
rElec   .          Harm     .    (no cloak)
rCorr   .          Rampage  .    (no gloves)
Will    .....                    (no boots)
Stlth   +                        (no amulet)
HPRegen 0.27/turn                (no ring)
MPRegen 0.11/turn                (no ring)

@: no status effects
A: fangs 1, strong nose, distributed training
a: Renounce Religion, Recite, Vitalisation, Imprison, Donate Gold


You were on level 4 of the Dungeon.
You worshipped Zin.
Zin was most pleased with you.
You visited 1 branch of the dungeon, and saw 4 of its levels.

You collected 196 gold pieces.
You donated 19 gold pieces to Zin.

Inventory:

Hand Weapons
 a - a +2 short sword (weapon)
 b - a +0 falchion
 v - a +1 morningstar of holy wrath
Missiles
 f - 20 stones (quivered)
 p - 5 poisoned darts
Armour
 c - a +0 scale mail (worn)
 k - the +0 robe "Ducheg" {Fly rF- MP+9}
   (You found it on level 2 of the Dungeon)

   rF:        It makes you vulnerable to fire.
   MP:        It affects your magic capacity (+9).
   Fly:       It grants you flight.
 m - a +0 cloak
Jewellery
 o - an amulet of faith
 r - a ring of magical power
Scrolls
 d - 2 scrolls of enchant armour {unknown}
 e - 3 scrolls of poison {unknown}
 g - a scroll of brand weapon {unknown}
 h - 2 scrolls of blinking {unknown}
 i - 3 scrolls of identify {unknown}
 l - a scroll of teleportation {unknown}
 n - a scroll of immolation {unknown}
 s - a scroll of silence {unknown}
 w - a scroll of acquirement {unknown}
 x - a scroll of enchant weapon {unknown}
 y - 2 scrolls of fog {unknown}
 A - a scroll of magic mapping {unknown}
Potions
 j - a potion of haste {unknown}
 q - a potion of mutation {unknown}
 t - a potion of attraction {unknown}
 u - a potion of flight {unknown}
 z - 2 potions of curing


   Skills:
 + Level 3.2 Fighting
 + Level 8.7 Short Blades
 + Level 6.8 Long Blades
 + Level 1.9 Axes
 + Level 1.9 Maces & Flails
 + Level 1.9 Polearms
 + Level 1.9 Staves
 + Level 1.9 Ranged Weapons
 + Level 1.9 Throwing
 + Level 5.0 Armour
 + Level 1.9 Dodging
 + Level 1.9 Stealth
 + Level 1.9 Shields
 + Level 1.9 Unarmed Combat
 + Level 1.9 Spellcasting
 + Level 1.5 Conjurations
 + Level 1.5 Hexes
 + Level 1.5 Summonings
 + Level 1.5 Necromancy
 + Level 1.5 Translocations
 + Level 1.5 Transmutations
 + Level 1.5 Fire Magic
 + Level 1.5 Ice Magic
 + Level 1.5 Air Magic
 + Level 1.5 Earth Magic
 + Level 1.5 Poison Magic
 + Level 2.1 Invocations
 + Level 1.9 Evocations


You had 8 spell levels left.
You didn't know any spells.
Your spell library contained the following spells:

 Spells                   Type           Power      Damage    Failure   Level
 Portal Projectile        Hex/Tloc       6%         N/A       92%         3
 Tukima's Dance           Hex            3%         N/A       92%         3
 Blade Hands              Tmut           1%         N/A       100%        5


Dungeon Overview and Level Annotations

Branches:
Dungeon (4/15)
 Temple: D:4-7

Altars:
Zin

Shops:
D:3 *


Innate Abilities, Weirdness & Mutations

You have very sharp teeth.
Your uncanny sense of smell can sniff out nearby items.
Your experience applies equally to all skills.


Message History

There is an open door here.
Found 5 stones.
You see here a +0 flail.
An ogre comes into view. It is wielding a +0 giant club.
The ogre shouts!
You open the door.
A hobgoblin zombie comes into view.
You hit the hobgoblin zombie.
The hobgoblin zombie is moderately damaged.
The hobgoblin zombie hits you.
You hit the hobgoblin zombie.
You destroy the hobgoblin zombie!
Zin accepts your kill.
Found 11 gold pieces.
The ogre hits you with a +0 giant club!!
You hit the ogre. You bite the ogre.
The ogre is moderately wounded.
You completely miss the ogre.
The ogre is moderately wounded.
The ogre misses you.
You hit the ogre.
The ogre is heavily wounded.
You closely miss the ogre. Your bite misses the ogre.
The ogre is heavily wounded.
You barely miss the ogre.
The ogre is heavily wounded.
The ogre hits you with a +0 giant club!
You hit the ogre.
The ogre is severely wounded.
You barely miss the ogre.
The ogre is severely wounded.
The ogre closely misses you.
You hit the ogre.
The ogre is almost dead.
You closely miss the ogre. Your bite misses the ogre.
The ogre is almost dead.
You hit the ogre but do no damage. You bite the ogre, but do no damage.
The ogre is almost dead.
The ogre hits you with a +0 giant club!!
You die...

.# ###.##
##.... ....#
.... # #..# .#
## #O.##.#.#
##. ###@......$
..##.'...#####
#. #.###..##
..## #..##.##
.... ###...#)#
#..##.'.....#
##..###...#...#
....##..##.#.#
...
#..#.###.#.#


You could see an ogre.

Vanquished Creatures
  Pargi (D:3)
  An orc wizard (D:3)
  7 adders
  A worm (D:3)
  2 dart slugs (D:3)
  6 orcs (D:3)
  6 endoplasms
  2 giant cockroaches
  4 goblins
  8 hobgoblins
  9 ball pythons
  8 bats
  A frilled lizard (D:3)
  A goblin zombie (D:4)
  A hobgoblin zombie (D:4)
  5 kobolds
  3 rats
66 creatures vanquished.

Notes
Turn   | Place    | Note
-------+----------+-------------------------------------------
     0 | D:1      | themarg the Gnoll Wanderer began the quest for the Orb.
     0 | D:1      | themarg set off with the following items: a +2 short sword,
                  | a +0 falchion, a +0 scale mail, a potion of curing.
     0 | D:1      | Reached XP level 1. HP: 17/17 MP: 1/1
   160 | D:1      | Reached XP level 2. HP: 23/23 MP: 2/2
   218 | D:1      | Found a faded altar of an unknown god.
   258 | D:1      | Prayed at the altar of an unknown god.
   258 | D:1      | Became a worshipper of Zin the Law-Giver
   258 | D:1      | Reached * piety under Zin
   583 | D:1      | Reached ** piety under Zin
   747 | D:2      | Reached XP level 3. HP: 17/28 MP: 3/3
   769 | D:2      | Reached skill level 1 in Invocations
   779 | D:2      | Reached skill level 1 in Axes
   779 | D:2      | Reached skill level 1 in Maces & Flails
   779 | D:2      | Reached skill level 1 in Polearms
   779 | D:2      | Reached skill level 1 in Staves
   779 | D:2      | Reached skill level 1 in Ranged Weapons
   779 | D:2      | Reached skill level 1 in Throwing
   779 | D:2      | Reached skill level 1 in Dodging
   779 | D:2      | Reached skill level 1 in Stealth
   779 | D:2      | Reached skill level 1 in Shields
   779 | D:2      | Reached skill level 1 in Unarmed Combat
   779 | D:2      | Reached skill level 1 in Spellcasting
   779 | D:2      | Reached skill level 1 in Evocations
   882 | D:2      | Identified the +0 robe "Ducheg" {Fly rF- MP+9}
   915 | D:2      | Reached XP level 4. HP: 32/34 MP: 5/5
   962 | D:2      | Reached skill level 1 in Conjurations
   962 | D:2      | Reached skill level 1 in Hexes
   962 | D:2      | Reached skill level 1 in Summonings
   962 | D:2      | Reached skill level 1 in Necromancy
   962 | D:2      | Reached skill level 1 in Translocations
   962 | D:2      | Reached skill level 1 in Transmutations
   962 | D:2      | Reached skill level 1 in Fire Magic
   962 | D:2      | Reached skill level 1 in Ice Magic
   962 | D:2      | Reached skill level 1 in Air Magic
   962 | D:2      | Reached skill level 1 in Earth Magic
   962 | D:2      | Reached skill level 1 in Poison Magic
  1314 | D:3      | Reached *** piety under Zin
  1579 | D:3      | Reached XP level 5. HP: 40/40 MP: 5/7
  2021 | D:3      | Noticed Pargi
  2047 | D:3      | Killed Pargi
  2048 | D:3      | Reached XP level 6. HP: 9/47 MP: 8/8
  2264 | D:3      | Found Zin's Purification Station.
  2271 | D:3      | Found a glowing silver altar of Zin.
  2291 | D:3      | Reached skill level 5 in Armour
  2421 | D:4      | Slain by an ogre

Illustrated notes

Levels and vault maps discovered:
D:1:      dpeg_arrival_rooms_b, layout_loops_ring,
          nicolae_ecumenical_snake_handling, grunt_decor_junction
D:2:      layout_rooms, st_stairs_7, minmay_distorted
D:3:      layout_loops_ring, zin_purify, uniq_pargi
D:4:      layout_loops_cross, nicolae_ossuary_entry_giza, serial_shops,
          nicolae_shop_temple_entry_statues_fountains,
          chequers_serial_rivers_room_a, nicolae_hexahallways

Skill      XL: |  1  2  3  4  5  6 |
---------------+-------------------+-----
Invocations    | 1 2 |  2.1
Axes           | 1 |  1.9
Maces & Flails | 1 |  1.9
Polearms       | 1 |  1.9
Staves         | 1 |  1.9
Ranged Weapons | 1 |  1.9
Throwing       | 1 |  1.9
Dodging        | 1 |  1.9
Stealth        | 1 |  1.9
Shields        | 1 |  1.9
Unarmed Combat | 1 |  1.9
Spellcasting   | 1 |  1.9
Evocations     | 1 |  1.9
Conjurations   | 1 |  1.5
Hexes          | 1 |  1.5
Summonings     | 1 |  1.5
Necromancy     | 1 |  1.5
Translocations | 1 |  1.5
Transmutations | 1 |  1.5
Fire Magic     | 1 |  1.5
Ice Magic      | 1 |  1.5
Air Magic      | 1 |  1.5
Earth Magic    | 1 |  1.5
Poison Magic   | 1 |  1.5
Fighting       | 3 |  3.2
Armour         | 5 |  5.0
Short Blades   | |  8.7
Long Blades    | |  6.8

Action                   |  1- 3 |  4- 6 || total
-------------------------+-------+-------++-------
Melee: Short sword       |   109 |   166 ||   275
       Bite              |     8 |    23 ||    31
       Punch             |     2 |     4 ||     6
Throw: Dart              |       |     5 ||     5
       Stone             |       |     1 ||     1
Invok: Recite            |       |     1 ||     1
  Use: Potion            |     1 |       ||     1
Armor: Scale mail        |    63 |    46 ||   109
Dodge: Dodged            |    40 |    56 ||    96

Table legend: (Time is in decaauts)
 A = Elapsed time spent in this place.
 B = Non-inter-level travel time spent in this place.
 C = Inter-level travel time spent in this place.
 D = Time resting spent in this place.
 E = Time spent auto-exploring this place.
 F = Levels seen in this place.
 G = Mean time per level.
                   A        B        C        D        E       F      G
               +--------+--------+--------+--------+--------+-----+--------+
         Total |   2303 |   2261 |     42 |      0 |   1839 |   4 |  575.8 |
       Dungeon |   2303 |   2261 |     42 |      0 |   1839 |   4 |  575.8 |
               +--------+--------+--------+--------+--------+-----+--------+

Top non-repeatable levels by time:
     D:3: 1027 daAuts
     D:1: 705 daAuts
     D:2: 502 daAuts
     D:4: 68 daAuts
